 Dungeon Crawl Stone Soup version 0.23-a0-46-g8441a8a (webtiles) character file.

110 BigChef the Insei (level 4, -2/35 HPs)
             Began as a Demonspawn Chaos Knight on Aug 5, 2018.
             Splashed by a jelly's acid (5 damage)
             ... on level 3 of the Dungeon.
             The game lasted 00:06:27 (1583 turns).

BigChef the Insei (Demonspawn Chaos Knight)         Turns: 1583, Time: 00:06:27

Health: -2/35      AC:  2    Str: 13    XL:     4   Next: 61%
Magic:  4/4        EV: 12    Int: 13    God:    Xom [..*...]
Gold:   120        SH:  0    Dex: 13    Spells: 3/3 levels left

rFire    . . .     SeeInvis .     - Unarmed
rCold    . . .     Gourm    .   (no shield)
rNeg     . . .     Faith    .   a - +3 leather armour
rPois    .         Spirit   .   (no helmet)
rElec    .         Reflect  .   (no cloak)
rCorr    .         Harm     .   (no gloves)
MR       .....                  (no boots)
Stlth    ++........             (no amulet)
HPRegen  0.11/turn              (no ring)
MPRegen  0.09/turn              (no ring)

@: corroded
A: nightstalker 1, spiny 2
a: Renounce Religion


You were on level 3 of the Dungeon.
You worshipped Xom.
You were a toy of Xom.
You were not hungry.

You visited 1 branch of the dungeon, and saw 3 of its levels.

You collected 120 gold pieces.

Inventory:

Missiles
 c - 6 javelins of penetration (quivered)
Armour
 a - a +3 leather armour (worn)
Wands
 f - a wand of random effects (24)
Scrolls
 d - a scroll of identify {unknown}
 g - a scroll of remove curse
Potions
 e - a potion of brilliance {unknown}
 i - a potion of heal wounds {unknown}
Comestibles
 b - 3 rations
 h - 2 chunks of flesh


   Skills:
 + Level 3.5 Fighting
 + Level 2.3 Armour
 + Level 1.8 Dodging
 + Level 3.9 Unarmed Combat


You had 3 spell levels left.
You didn't know any spells.
Your spell library was empty.

Dungeon Overview and Level Annotations

Branches:
Dungeon (3/15)

Altars:
Ashenzari
Okawaru
Qazlal
Xom
The Shining One


Innate Abilities, Weirdness & Mutations

You are slightly more attuned to the shadows.
You are mostly covered in sharp spines.


Message History

The jackal bites you but does no damage.
You hit the jackal.
You kill the jackal!
You see here a jackal corpse.
You hit the jelly.
Your hands burn!
The jelly is moderately wounded.
The jelly is struck by your spines. The jelly completely misses you.
You hit the jelly.
Your hands burn!
The jelly is heavily wounded.
The jelly hits you.
You are splashed with acid!
The acid burns!
You hit the jelly.
Your hands burn!
The jelly is severely wounded.
The jelly hits you.
You are splashed with acid!
The acid burns!
* * * LOW HITPOINT WARNING * * *
You hit the jelly but do no damage.
Your hands burn!
* * * LOW HITPOINT WARNING * * *
The jelly is severely wounded.
You hit the jelly but do no damage. The acid corrodes you!
Your hands burn!
You die...
Xom guffaws!

,,,,,* ******,*#.# #.#
***,,* ****,*#.# #.#
*,,* *.%.....# #.#
***,,*****.......# #.#
,,,,,,,,,*.......# #.#
***,,,,,,,.......# #.#
********,*.......# #.#
,,,,,***,*.......####.#
****,,,,,,.....J@.....#
*******#############


You could see a jelly.

Vanquished Creatures
  2 adders (D:2)
  An ooze (D:3)
  2 worms
  3 dart slugs
  5 orcs (D:3)
  A giant cockroach (D:1)
  4 goblins
  5 hobgoblins
  22 jackals
  4 kobolds
  A quokka (D:3)
  8 bats
  2 frilled lizards (D:1)
  3 rats
63 creatures vanquished.

Notes
Turn   | Place    | Note
-------+----------+-------------------------------------------
     0 | D:1      | BigChef the Demonspawn Chaos Knight began the quest for the Orb.
     0 | D:1      | Reached XP level 1. HP: 18/18 MP: 1/1
    69 | D:1      | XOM: harmless Ice miscast
   132 | D:1      | Gained mutation: You are partially covered in sharp spines. [demonic ancestry]
   132 | D:1      | Reached XP level 2. HP: 18/24 MP: 2/2
   167 | D:1      | Reached skill level 1 in Dodging
   284 | D:1      | XOM: noise
   388 | D:1      | Gained mutation: You are slightly more attuned to the shadows. [demonic ancestry]
   388 | D:1      | Reached XP level 3. HP: 25/29 MP: 3/3
   504 | D:1      | XOM: god gift: tapered iron wand {god gift}
   790 | D:2      | Found a shimmering altar of Xom.
   790 | D:2      | Found a stormy altar of Qazlal.
   809 | D:2      | Found an iron altar of Okawaru.
   809 | D:2      | Found a shattered altar of Ashenzari.
   939 | D:2      | XOM: god gift: 6 javelins of penetration
  1019 | D:2      | Gained mutation: You are mostly covered in sharp spines. [demonic ancestry]
  1019 | D:2      | Reached XP level 4. HP: 27/35 MP: 4/4
  1349 | D:3      | XOM: smoke on damage
  1502 | D:3      | Found a glowing golden altar of the Shining One.
  1551 | D:3      | XOM: cast spell 'Summon Ice Beast'
  1583 | D:3      | Splashed by a jelly's acid

Vault maps used:
D:1:      noname_arrival_rooms_in_the_neighbourhood, kennysheep_pointless_box
D:2:      grunt_temple_overflow_open, first_ration, corexii_hall_statues_l
D:3:      lemuel_crystal_altar, lemuel_zombie_altar_kikubaaqudgha,
          kennysheep_generic_room_2

Skill      XL: |  1  2 |
---------------+-------+-----
Unarmed Combat | 3 |  3.9
Armour         | 2 |  2.3
Dodging        | 1 |  1.8
Fighting       | |  3.5

Action                   |  1- 3 |  4- 6 || total
-------------------------+-------+-------++-------
Melee: Unarmed           |   102 |    62 ||   164
  Use: Scroll            |     3 |     4 ||     7
       Potion            |     1 |       ||     1
  Eat: Chunk             |       |     2 ||     2
Armor: Leather armour    |    59 |    13 ||    72
Dodge: Dodged            |    74 |    33 ||   107

Table legend:
 A = Spawn XP
 B = Non-spawn XP
 C = Spawn XP percentage of total XP
 D = Spawn monster count
 E = Non-spawn monster count
 F = Spawn count percentage of total count
 G = Total turns spent on level
                    A         B        C        D         E        F      G
               +---------+---------+-------+---------+---------+-------+---------
         Total |       0 |     158 |   0.0 |       0 |      63 |   0.0 |  1583
               +---------+---------+-------+---------+---------+-------+---------
           D:1 |       0 |      49 |   0.0 |       0 |      28 |   0.0 |   784
           D:2 |       0 |      57 |   0.0 |       0 |      16 |   0.0 |   486
           D:3 |       0 |      52 |   0.0 |       0 |      19 |   0.0 |   313
               +---------+---------+-------+---------+---------+-------+---------
